[Event "*** SCC Grand Prix: Titled Tuesday Blitz"]
[Site "Chess.com"]
[Date "2020.06.09"]
[Round "8"]
[White "IwkooO"]
[Black "kran900"]
[Result "0-1"]
[WhiteElo "2570"]
[BlackElo "2458"]
[TimeControl "180+1"]
[EndTime "10:37:37 PDT"]
[Termination "kran900 won on time"]

1. e4 e5 2. Nf3 Nc6 3. Bb5 a6 4.
Ba4 Nf6 5. O-O Be7 6. Re1 b5 7. Bb3 O-O 8. h3 d5 9. exd5 Nxd5 10. Nxe5 Nxe5 11. Rxe5 Bb7 12. d3 c5 13. Re1 Bd6 14. Nd2 c4 15. dxc4 Nf4 16. Nf3 Qf6 17. cxb5 Nxh3+ 18. Kf1 Rad8 19. Qd4 Qf5 20. Qh4 Nf4 21.
Bxf4 Bxf4 22. bxa6 Bxa6+ 23. Kg1 Bb7 24. Rad1 Bxf3 25.
gxf3 Bd2 26. Qg4 Qxg4+ 27. fxg4 Bxe1 28. Rxe1 Rfe8 29. Rxe8+ Rxe8 30. Bc4 Re4 31. b3 Rxg4+ 32. Kh2 Kf8 33. a4 Ke7 34. a5 Kd6 35. a6 Kc7 36. f3 Rf4 37. Kg3 g5 38. Bd3 Kb6 39.
c3 h5 40. b4 h4+ 41. Kg2 f5 42. b5 g4 43. c4 h3+ 44. Kh2 Rxf3 45. c5+ Kxc5 46.
a7 Rf2+ 47. Kg3 Ra2 48. Bxf5 h2 49. Be4 Rxa7 50. Kxh2 Kd4 51. Bf5 Rg7 52. Kg3 Kc5 53. Bxg4 Kxb5 54. Kf4 Kc5 55. Bf5 Kd4 56. Bg4 Rf7+ 57.
Kg5 Ke5 58. Bd1 Rg7+ 59. Kh6 Kf6 60. Kh5 Rg2 61. Bf3 Rg3 62. Be4 Ke5 63. Bb1 Kf4 64. Kh6 Rg5 65. Bc2 Rg2 66. Bb1 Ke5 67. Kh5 Rg1 68.
Bc2 Kf6 69. Kh4 Rg2 70. Bd3 Rd2 71. Bb1 Ke5 72. Kg3 Rb2 73. Bh7 Rb6 74. Kf3 Rf6+ 75. Ke3 Rh6 76. Bg8 Rh3+ 77. Kd2 Kd4 78. Ke2 Re3+ 79. Kf2 Ke4 80. Bh7+ Kf4 81. Bg8 Rg3 82. Ke2 Rxg8 0-1

[Event "*** SCC Grand Prix: Titled Tuesday Blitz"]
[Site "Chess.com"]
[Date "2020.06.09"]
[Round "8"]
[White "LittlePeasant"]
[Black "GukeshDommaraju"]
[Result "0-1"]
[WhiteElo "2803"]
[BlackElo "2675"]
[TimeControl "180+1"]
[EndTime "10:37:40 PDT"]
[Termination "GukeshDommaraju won on time"]

1. Nf3 Nf6 2. c4 e6 3. b3 d5 4.
Bb2 c5 5. g3 d4 6. e3 Nc6 7.
exd4 cxd4 8. Bg2 e5 9. O-O Be7 10. Re1 Nd7 11. a3 a5 12. b4 axb4 13. axb4 Rxa1 14.
Bxa1 Bxb4 15. Nxd4 Nxd4 16. Bxd4 O-O 17. Ba1 Bc5 18.
Nc3 Nf6 19. Nb5 Bg4 20. Qc2 Qb6 21. d3 Bd7 22. Bxe5 Ng4 23. d4 Nxe5 24. Rxe5 Bxd4 25.
Nxd4 Qxd4 26. Rd5 Qa1+ 27. Rd1 Qa4 28. Qxa4 Bxa4 29. Rd6 Bc6 30. Bxc6 bxc6 31. Rxc6 h5 32. Rd6 Rc8 33. Rd4 g6 34. f3 Kg7 35. Kf2 Ra8 36. Rd2 Kf6 37. Ke3 Ra3+ 38. Rd3 Ra2 39. h4 Ke6 40. c5 Rg2 41. Ke4 Rc2 42. Kd4 f6 43. Re3+ Kd7 44. Rc3 Rd2+ 45. Ke4 Kc6 46. g4 Rh2 47. g5 Rxh4+ 48. Ke3 fxg5 49. Rc1 g4 50. Kf4 gxf3+ 51. Kxf3 Rh3+ 52. Kf4 Rh4+ 53. Kf3 Rg4 54. Rc2 Rg5 55. Re2 Rf5+ 56. Ke4 Kxc5 57. Rg2 Rf6 58. Ke5 Rb6 59. Rg5 Kc4 60. Ke4 Kc3 61.
Ke3 Re6+ 62. Kf3 Kd4 63. Kf4 Rf6+ 64. Kg3 Ke4 65. Ra5 Rf3+ 66. Kh4 Rf6 67. Ra4+ Kf3 68. Kg5 Re6 69. Rb4 Kg3 70. Rb3+ Kf2 71. Ra3 Kg2 72.
Rb3 Kf2 73. Ra3 Re3 74. Ra2+ Re2 75. Ra3 Re3 76. Ra2+ Kg3 77. Ra6 h4 78. Rxg6 h3 79.
Kf5+ Kf2 80. Kf4 Rf3+ 81. Ke4 Rg3 82. Rh6 Kg2 83. Ra6 h2 84. Ra2+ Kh3 0-1

[Event "*** SCC Grand Prix: Titled Tuesday Blitz"]
[Site "Chess.com"]
[Date "2020.06.09"]
[Round "8"]
[White "Moon_stone123"]
[Black "Matibar"]
[Result "0-1"]
[WhiteElo "2467"]
[BlackElo "2706"]
[TimeControl "180+1"]
[EndTime "10:37:40 PDT"]
[Termination "Matibar won on time"]

1. e4 e5 2. Nf3 Nc6 3. Bb5 a6 4. Ba4 Nf6 5. O-O d6 6. c3 Bd7 7. d4 Be7 8. Re1 O-O 9. Nbd2 b5 10. Bc2 Re8 11. Nf1 Bf8 12. Ng3 g6 13. Bg5 h6 14.
Bd2 Bg7 15. Qc1 Kh7 16. h3 Qe7 17. a4 Reb8 18. Bd3 bxa4 19. Bc2 Na5 20. Bxa4 Nb3 21. Bxb3 Rxb3 22. Ra3 Rxa3 23. bxa3 Rb8 24. Qc2 Bc6 25. d5 Bd7 26. Rb1 Ba4 27. Qc1 Qe8 28. Rb4 a5 29.
Rb2 Bb3 30. c4 a4 31. Bb4 c5 32. dxc6 Qxc6 33. Nd2 h5 34. Nxb3 axb3 35. Rxb3 h4 36. Nf1 Nxe4 37. Rf3 f5 38. Qe3 Qxc4 39. Nd2 Nxd2 40.
Qxd2 e4 41. Re3 d5 42. Re1 d4 43. Rc1 Qe6 44. Qg5 Qf6 45. Qf4 Rb7 46. Rc8 g5 47. Qc1 d3 48. Bc3 Qf7 49. Qxg5 Bxc3 50. Qxh4+ Kg6 51.
Rxc3 Qe6 52. Qg3+ Kf6 53. Rc5 d2 54. Qh4+ Kf7 55. Qh7+ Kf6 56. Qh6+ Kf7 57. Qxd2 Rd7 58. Qc2 Rd6 59. Rc7+ Kg6 60. Rc8 Qd5 61. Rc7 f4 62.
Kh2 Kg5 63. Re7 Re6 64. Rxe6 Qxe6 65. Qc5+ Kf6 66. Qf8+ Ke5 67. Qb8+ Kf5 68. Qb5+ Kg6 69. Qb7 e3 70. fxe3 fxe3 71. Qf3 e2 72. Qg3+ Kf5 73. Qg4+ Kf6 74. Qh4+ Kf7 75. Qh7+ Ke8 76. Qh8+ Kd7 77.
Qh7+ Kc6 78. Qc2+ Kb7 79. Qb2+ Ka6 80. a4 e1=Q 81. Qb5+ Ka7 82. Qc5+ Qb6 83. Qf8 Qe5+ 84. Kh1 Qb1+ 0-1

[Event "*** SCC Grand Prix: Titled Tuesday Blitz"]
[Site "Chess.com"]
[Date "2020.06.09"]
[Round "8"]
[White "pavelalexandru07"]
[Black "eCztery"]
[Result "1/2-1/2"]
[WhiteElo "2173"]
[BlackElo "2394"]
[TimeControl "180+1"]
[EndTime "10:37:54 PDT"]
[Termination "Game drawn - insufficient material"]

1. e4 c5 2. Nf3 g6 3. d4 cxd4 4. Nxd4 Nc6 5. c4 Nf6 6. Nc3 Nxd4 7. Qxd4 d6 8. Be3 Bg7 9. Be2 O-O 10. Qd2 a5 11. O-O a4 12. f3 Qa5 13. Rac1 Be6 14.
Rfd1 Rfc8 15. Nd5 Qxd2 16. Bxd2 Nxd5 17. exd5 Bf5 18. Bc3 Bh6 19. Bd2 a3 20. b3 Bg7 21.
Bc3 Bxc3 22. Rxc3 b5 23. Re3 Kf8 24. Bf1 bxc4 25. Bxc4 Ra7 26. Rde1 Rb7 27. g4 Bc2 28. Ba6 Rbc7 29. Bxc8 Rxc8 30. Rc1 Rc5 31. Re2 Bd3 32.
Rxc5 dxc5 33. Rd2 c4 34. bxc4 Bxc4 35. d6 exd6 36. Rxd6 Ke7 37. Rd4 Bxa2 38. Rd3 Bc4 39. Rxa3 Kf6 40. Kf2 h6 41. Kg3 Kg7 42. h4 Be6 43.
Rc3 Bd5 44. Kf4 Be6 45. Ke5 Ba2 46. Kd6 Be6 47. Ke7 Ba2 48. Re3 Bd5 49. g5 hxg5 50. hxg5 Ba2 51. f4 Bc4 52. Rc3 Bd5 53. Rc5 Be6 54.
Rc7 Bd5 55. Ke8 Be6 56. Re7 Bd5 57. Re5 Bb3 58. Ke7 Bc4 59. f5 gxf5 60. Rxf5 Kg6 61.
Rc5 Be6 62. Kf8 Ba2 63. Re5 Be6 64. Rc5 Bb3 65. Ke7 Be6 66. Re5 Bb3 67. Rb5 Be6 68.
Ra5 Bc4 69. Rc5 Bb3 70. Re5 Be6 71. Rc5 Bf5 72. Ke8 Be6 73. Ke7 Bb3 74. Re5 Ba2 75. Kd6 Be6 76. Kc5 Bf5 77. Re7 Be6 78. Kd6 Kxg5 79.
Rxe6 fxe6 80. Kxe6 1/2-1/2

[Event "*** SCC Grand Prix: Titled Tuesday Blitz"]
[Site "Chess.com"]
[Date "2020.06.09"]
[Round "8"]
[White "VitaliyBernadskiy"]
[Black "Jospem"]
[Result "0-1"]
[WhiteElo "2721"]
[BlackElo "2870"]
[TimeControl "180+1"]
[EndTime "10:38:08 PDT"]
[Termination "Jospem won by resignation"]

1. e4 c5 2. Nf3 d6 3. Bb5+ Nd7 4. a4 Nf6 5. Nc3 e6 6. a5 Be7 7. a6 O-O 8. O-O Qc7 9. d3 d5 10. exd5 exd5 11. Bg5 d4 12. Ne4 Bd8 13. axb7 Bxb7 14. Bxd7 Nxd7 15. Bxd8 Raxd8 16. Rxa7 Qb6 17. Ra2 Bxe4 18.
dxe4 Nf6 19. Nd2 Qe6 20. Ra5 c4 21. Rc5 c3 22. bxc3 dxc3 23. Rxc3 Nxe4 24. Rd3 Rxd3 25.
cxd3 Nc3 26. Qf3 Rd8 27. Ne4 Nb5 28. h3 Nd4 29. Qe3 h6 30. Rb1 Nf5 31. Qf3 Nd4 32. Qe3 Nf5 33. Qe2 Nd4 34. Qb2 Kh7 35. Qb6 Qe7 36.
Qc5 Qd7 37. Re1 Kh8 38. Re3 f5 39. Nd2 Rc8 40. Re7 Rxc5 41. Rxd7 Rc1+ 42. Kh2 Ne2 43. Nf3 Nf4 44. d4 Rc2 45. Kg3 Nh5+ 46. Kh4 Nf6 47. Rd8+ Kh7 48. Kg3 Nh5+ 49. Kh4 Nf4 50. Kg3 Nd3 51.
Ne5 Nxf2 52. Kf4 Ne4 53. Kxf5 Nf6 54. Ke6 Rxg2 55. d5 Re2 56. Kd6 Ne4+ 57. Kc7 Rc2+ 58. Nc6 Rd2 59. Re8 Nf6 60. Re5 Nxd5+ 61. Kb7 Nf6 62.
h4 Rd3 63. Ne7 Rb3+ 64. Kc7 Rh3 65. Nf5 Rf3 66. Nd6 Rf4 67. h5 Rh4 68. Nf7 Rxh5 69. Re7 Rc5+ 70. Kd6 Rd5+ 71. Ke6 Ra5 72. Ne5 Ra6+ 73.
Kf7 Nd5 74. Rd7 Rf6+ 75. Ke8 Nf4 76. Nf7 Re6+ 77. Kd8 Re1 78. Nd6 Ne6+ 79. Kc8 Ng5 80. Nf5 Ne6 81. Re7 Rc1+ 82. Kd7 Nf8+ 83. Ke8 Rc8+ 84. Kf7 Ng6 85. Rb7 Rf8+ 86. Ke6 Rf6+ 0-1

[Event "*** SCC Grand Prix: Titled Tuesday Blitz"]
[Site "Chess.com"]
[Date "2020.06.09"]
[Round "8"]
[White "Duhless"]
[Black "sergiochess83"]
[Result "1/2-1/2"]
[WhiteElo "3035"]
[BlackElo "2839"]
[TimeControl "180+1"]
[EndTime "10:38:11 PDT"]
[Termination "Game drawn - insufficient material"]

1. Nf3 d5 2. e3 Nf6 3. c4 e6 4. b3 Be7 5. Bb2 O-O 6. Nc3 c5 7. cxd5 exd5 8. d4 Nc6 9. Be2 Bg4 10. dxc5 Bxc5 11. O-O Re8 12. Rc1 Bd6 13. h3 Be6 14. Nb5 Be7 15. Nbd4 Rc8 16. Nxe6 fxe6 17. Bd3 Bd6 18.
Bb1 Qe7 19. Qe2 Ba3 20. Rfd1 Bxb2 21. Qxb2 Red8 22. a3 Rc7 23. b4 Rdc8 24. Rc3 Ne5 25. Rxc7 Nxf3+ 26. gxf3 Qxc7 27. Qd4 b6 28. Qd3 Qc4 29.
Qd2 Qc3 30. Qa2 Kf7 31. f4 Qc4 32. Qb2 Qc3 33. Qa2 g6 34. Bd3 Rc7 35. Kg2 Ne8 36.
e4 Nf6 37. Qe2 Nh5 38. Qf3 Qf6 39. f5 dxe4 40. fxe6+ Kg7 41. Qxf6+ Kxf6 42. Bxe4 Nf4+ 43. Kg3 Nxe6 44. Rd3 Rc4 45. Bd5 Rd4 46. Rf3+ Ke5 47. Bb3 Nf4 48. Re3+ Kf6 49. Re8 g5 50. Bc2 h5 51.
Rf8+ Kg7 52. Ra8 Rc4 53. Bf5 Kf6 54. Bc8 Rc3+ 55. Kh2 Rxa3 56. Bb7 Rxh3+ 57. Kg1 Rb3 58. b5 Rb1+ 59. Kh2 Rxb5 60. Rxa7 h4 61. Ra8 Rb2 62. Kg1 Ke5 63. Re8+ Kf6 64. Bc8 Rb1+ 65. Kh2 Rb2 66. Kg1 b5 67. Rf8+ Ke5 68. Rf5+ Ke4 69. Rxg5 Rb1+ 70. Kh2 Rb2 71. Kg1 b4 72. Bb7+ Kd4 73.
Rg4 Ke5 74. Rxh4 b3 75. Rh8 Rb1+ 76. Kh2 Rf1 77. Re8+ Kd6 78. Kg3 b2 79. Be4 Nh5+ 80. Kf3 Nf6 81. Rb8 Nxe4 82. Rxb2 Nc5 83. Rd2+ Kc6 84.
Rc2 Rd1 85. Kg2 Rd5 86. Rc3 Kd6 87. Re3 Nd3 88. Kf1 Nf4 89. Kg1 Rd2 90. Kh2 Rxf2+ 91. Kg3 Rf1 92. Rf3 Rxf3+ 93. Kxf3 1/2-1/2

[Event "*** SCC Grand Prix: Titled Tuesday Blitz"]
[Site "Chess.com"]
[Date "2020.06.09"]
[Round "8"]
[White "SiddharthGMJagadeesh"]
[Black "Natalya_Buksa"]
[Result "1/2-1/2"]
[WhiteElo "2443"]
[BlackElo "2566"]
[TimeControl "180+1"]
[EndTime "10:38:14 PDT"]
[Termination "Game drawn - insufficient material"]

1. d4 d5 2. c4 e6 3. Nf3 Nf6 4. g3 Bb4+ 5. Bd2 Be7 6. Bg2 O-O 7. O-O c6 8. Qc2 Nbd7 9. b4 Ne4 10. Be1 f5 11. e3 g5 12. a4 g4 13. Nfd2 Bxb4 14.
Nxe4 Bxe1 15. Nd6 Ba5 16. cxd5 cxd5 17. Nc3 Qc7 18. Ndb5 Qc6 19. Qb3 Nb6 20. Rfc1 Nc4 21. Na3 Qb6 22. Qa2 Nxa3 23. Qxa3 Bb4 24. Qb3 Bd7 25.
Ne2 Kh8 26. Rcb1 a5 27. Nf4 Rac8 28. Nd3 Rc3 29. Qxc3 Bxc3 30. Rxb6 Bxa1 31. Nc5 Bc6 32. Nxe6 Re8 33. Nc5 Re7 34. Bf1 Bc3 35. Bb5 Re8 36.
Bxc6 bxc6 37. Rxc6 Rb8 38. Nd7 Rb1+ 39. Kg2 Be1 40. Rc2 Bb4 41. Nf6 Ra1 42. Nxd5 Be1 43. Ne7 Rxa4 44. Nxf5 Ra1 45. d5 Kg8 46. d6 Rd1 47. e4 Kf7 48. e5 Ke6 49. Ne3 Rd4 50. Re2 Bb4 51. Nc2 Rd3 52. Nxb4 axb4 53. Rb2 b3 54. h3 gxh3+ 55. Kxh3 Kxe5 56. d7 Rxd7 57. Rxb3 Kf5 58. Rb5+ Kf6 59. f4 Rd1 60. Kg4 Rh1 61.
Rb6+ Kg7 62. Kg5 h6+ 63. Kf5 Rh5+ 64. Ke4 Ra5 65. g4 Kh7 66. Rb7+ Kg6 67. Rb6+ Kg7 68. Re6 Ra4+ 69. Kf5 Ra7 70. Re5 Rf7+ 71. Ke4 Ra7 72. Rd5 Re7+ 73. Kd4 Re1 74. Re5 Rg1 75. Ke4 Rxg4 76.
Kf5 Rg1 77. Re7+ Kg8 78. Kf6 h5 79. f5 h4 80. Re8+ Kh7 81. Re4 h3 82. Rh4+ Kg8 83.
Rxh3 Ra1 84. Re3 Kf8 85. Re6 Rf1 86. Ra6 Kg8 87. Ra8+ Kh7 88. Ke6 Re1+ 89. Kf7 Rb1 90. f6 Rb7+ 91. Kf8 Kg6 92. Ra6 Rf7+ 93. Kg8 Rxf6 94. Rxf6+ Kxf6 1/2-1/2

[Event "*** SCC Grand Prix: Titled Tuesday Blitz"]
[Site "Chess.com"]
[Date "2020.06.09"]
[Round "8"]
[White "BillieKimbah"]
[Black "LionTheLeon_06"]
[Result "1-0"]
[WhiteElo "2863"]
[BlackElo "2685"]
[TimeControl "180+1"]
[EndTime "10:38:20 PDT"]
[Termination "BillieKimbah won by resignation"]

1. e4 c5 2. Nf3 d6 3. d4 cxd4 4. Nxd4 Nf6 5. Nc3 a6 6. Bd3 g6 7. f3 Bg7 8. Be3 O-O 9. Qd2 Nc6 10. O-O-O Ne5 11. Kb1 b5 12. g4 b4 13. Nce2 a5 14. Bh6 Nxd3 15. cxd3 e5 16. Nc2 d5 17. Bxg7 Kxg7 18.
Ne3 dxe4 19. dxe4 Qxd2 20. Rxd2 Ba6 21. Rhd1 Rfc8 22. Nc1 a4 23. Nd3 Bxd3+ 24. Rxd3 Rc6 25. Rc1 Rac8 26. Rxc6 Rxc6 27. b3 axb3 28. axb3 h5 29. g5 Nh7 30. h4 Nf8 31. Nc4 Rc5 32. Kc2 Ne6 33. Kd2 Nf4 34. Rd7 Ng2 35. Nd6 Nxh4 36.
Rxf7+ Kg8 37. Rf6 Kg7 38. Ne8+ Kh7 39. Nd6 Rc3 40. Ke2 Rxb3 41. Nc4 Rc3 42. Nxe5 b3 43. Rb6 Rc5 44. f4 Rc2+ 45. Kd3 Rf2 46. Ke3 Rf1 47. Rb7+ Kg8 48. Rb8+ Kg7 49. Nd3 Rf3+ 50. Ke2 Rg3 51.
Rb7+ Kg8 52. Rxb3 Rg2+ 53. Ke3 Rg3+ 54. Ke2 Rg2+ 55. Kf1 Rg3 56. Rb8+ Kg7 57. Rb7+ Kg8 58. Ne5 Re3 59. Rb4 Kg7 60. Kf2 Ra3 61. Rb7+ Kg8 62. Rb6 Kg7 63. Rb7+ Kg8 64. Rb1 Kg7 65. Rh1 Ra2+ 66. Kg3 Ng2 67. Rh2 h4+ 68. Kg4 Ne3+ 69. Kh3 Ra3 70. Kxh4 Ra4 71. Rb2 Rxe4 72. Rb7+ Kg8 73.
Nxg6 Nf5+ 74. Kg4 Ne3+ 75. Kh5 Nf5 76. Rb5 Ng3+ 77. Kg4 Ne2 78. Rb8+ Kg7 79. Rb6 Re8 80. f5 Nd4 81. Rb7+ Kg8 82. Nf4 Re4 83. Rb8+ Kg7 84. Rb7+ Kg8 85. f6 Ne2 86. Kf3 Rxf4+ 87. Kxe2 Rf5 88.
Rg7+ Kf8 89. Ke3 Ra5 90. Ke4 Rb5 91. Kf4 Rb4+ 92. Kg3 Ra4 93. Rc7 Ra6 94. Kg4 Kg8 95. Kh5 Ra1 96. Kg6 Ra8 97. Rh7 Rb8 98. f7+ Kf8 99. Rh8+ Ke7 100. Rxb8 1-0

[Event "*** SCC Grand Prix: Titled Tuesday Blitz"]
[Site "Chess.com"]
[Date "2020.06.09"]
[Round "8"]
[White "MoonlighT89"]
[Black "Evgeny81"]
[Result "0-1"]
[WhiteElo "2580"]
[BlackElo "2765"]
[TimeControl "180+1"]
[EndTime "10:38:53 PDT"]
[Termination "Evgeny81 won by resignation"]

1. e4 e6 2. d4 d5 3. Nc3 Nf6 4. Bg5 Bb4 5. e5 h6 6. Bd2 Bxc3 7. bxc3 Ne4 8. Qg4 Kf8 9. Bd3 Nxd2 10. Kxd2 c5 11.
dxc5 Nd7 12. Nf3 Nxc5 13. Rhb1 Bd7 14. a4 Rc8 15. a5 Qe7 16. Nd4 Qg5+ 17. Qxg5 hxg5 18.
h3 Ke7 19. f3 Rc7 20. Bb5 a6 21. Bf1 Rhc8 22. Ra3 f6 23. exf6+ gxf6 24. c4 e5 25. Ne2 dxc4 26. Nc3 Be6 27. Rb4 Nd7 28. Na4 Rd8 29. Ke3 f5 30. Rc3 Nf6 31. Nb6 Rd1 32. Be2 Ra1 33.
Bxc4 Rxa5 34. Rcb3 Bxc4 35. Rxc4 Rac5 36. Rxc5 Rxc5 37. c4 Ke6 38. Kd3 Rc7 39. Na4 Nd7 40. Rb1 Kd6 41. Rd1 Nc5+ 42. Nxc5 Kxc5 43. Kc3 Kc6 44.
Rd5 Re7 45. Rd8 a5 46. Rf8 f4 47. Rf6+ Kc5 48. Rg6 a4 49. Rxg5 b5 50. cxb5 Kxb5 51.
h4 Rc7+ 52. Kb2 Rc5 53. h5 Kb4 54. Rg8 a3+ 55. Kb1 Rc6 56. Re8 Kb3 57. Rb8+ Kc3 58.
Rd8 Rh6 59. Ka2 Rxh5 60. Kxa3 Rg5 61. Rd5 Kc4 62. Ra5 Kd4 63. Kb3 Ke3 64. Kc3 Kf2 65.
Kd3 Kxg2 66. Ke4 Kg3 67. Ra1 Rh5 68. Rg1+ Kf2 69. Ra1 Rg5 70. Ra2+ Kf1 71. Ra1+ Ke2 72. Ra2+ Kd1 73. Ra5 Kd2 74. Ra2+ Ke1 75. Ra5 Kf2 76. Ra2+ Kg3 77. Ra1 Rh5 78. Rg1+ Kf2 79. Ra1 Rh8 80. Ra2+ Kg3 81. Ra1 Re8 82. Rg1+ Kf2 83. Ra1 Rb8 84. Ra2+ Kg3 85. Ra3 Rb5 86. Rc3 Ra5 87. Rb3 Rc5 88. Ra3 Kh4 89. Ra1 Kg3 90. Ra3 Rb5 91. Rc3 Rb2 92.
Kxe5 Rf2 93. Ke4 Re2+ 94. Kd4 Re8 95. Kd5 Kf2 96. Kd4 Re3 97. Rc1 Kxf3 98. Rf1+ Kg4 99. Rg1+ Kf3 100. Rf1+ Kg3 101. Rg1+ Kf2 102. Rh1 Re8 103. Kd3 f3 104. Rh2+ Kg3 105. Ra2 f2 106. Ra1 Re1 0-1

[Event "*** SCC Grand Prix: Titled Tuesday Blitz"]
[Site "Chess.com"]
[Date "2020.06.09"]
[Round "9"]
[White "rynos0411"]
[Black "KamlaPasand"]
[Result "0-1"]
[WhiteElo "2370"]
[BlackElo "2226"]
[TimeControl "180+1"]
[EndTime "10:41:34 PDT"]
[Termination "KamlaPasand won by resignation"]

1. e4 c5 2. Nf3 d6 3. d4 cxd4 4. Nxd4 Nf6 5. Nc3 g6 6. Be3 Bg7 7. f3 O-O 8. Qd2 Nc6 9. O-O-O Nxd4 10. Bxd4 Be6 11. Kb1 Qc7 12. g4 Rfc8 13. h4 Qa5 14. h5 Rxc3 15. Qxc3 Qxa2+ 16. Kc1 Bh6+ 17. Be3 Rc8 18. Qd4 Bb3 19. Bd3 e5 0-1

[Event "*** SCC Grand Prix: Titled Tuesday Blitz"]
[Site "Chess.com"]
[Date "2020.06.09"]
[Round "9"]
[White "mattcolins2025"]
[Black "thedjoker98"]
[Result "0-1"]
[WhiteElo "2381"]
[BlackElo "2532"]
[TimeControl "180+1"]
[EndTime "10:41:36 PDT"]
[Termination "thedjoker98 won by resignation"]

1. d4 d5 2. c4 c6 3. Nc3 dxc4 4. a4 Nf6 5. e4 e5 6. Nf3 exd4 7. Nxd4 Bb4 8. Bg5 h6 9. Bxf6 Qxf6 10. Bxc4 O-O 11. O-O Rd8 12. e5 Qxe5 13. Nf3 Rxd1 14. Nxe5 Rxf1+ 15. Kxf1 Be6 16. Bxe6 fxe6 17. Rd1 Na6 18.
Rd7 Nc5 19. Rc7 Ba5 20. Re7 Rf8 21. Ne2 Bd8 0-1

[Event "*** SCC Grand Prix: Titled Tuesday Blitz"]
[Site "Chess.com"]
[Date "2020.06.09"]
[Round "9"]
[White "GM_dmitrij"]
[Black "evgchess5"]
[Result "1-0"]
[WhiteElo "2964"]
[BlackElo "2804"]
[TimeControl "180+1"]
[EndTime "10:42:08 PDT"]
[Termination "GM_dmitrij won by resignation"]

1. e4 c5 2. Nf3 Nc6 3. Bb5 g6 4. O-O Bg7 5. c3 Nf6 6. Re1 O-O 7. d4 d5 8. e5 Ne4 9. Be3 cxd4 10. cxd4 Qb6 11.
Bxc6 bxc6 12. Qc1 a5 13. Nfd2 Nxd2 14. Qxd2 a4 15. Nc3 Bf5 16. h3 Rfb8 17. g4 Bd7 18. Rab1 f6 19. Bf4 Rb7 20. Re2 Rf8 21. Nxa4 1-0

[Event "*** SCC Grand Prix: Titled Tuesday Blitz"]
[Site "Chess.com"]
[Date "2020.06.09"]
[Round "9"]
[White "JulAnt"]
[Black "Moon_stone123"]
[Result "0-1"]
[WhiteElo "2368"]
[BlackElo "2473"]
[TimeControl "180+1"]
[EndTime "10:42:08 PDT"]
[Termination "Moon_stone123 won by resignation"]

1. e4 c5 2. Nf3 d6 3. d4 cxd4 4. Nxd4 Nf6 5. Nc3 g6 6. Bc4 Bg7 7. f3 O-O 8. Be3 Nc6 9. Qd2 Bd7 10. O-O-O Rc8 11. Bb3 Ne5 12. Kb1 Re8 13. h4 h5 14.
Bg5 Rc5 15. g4 hxg4 16. h5 Nxh5 17. Bh6 e6 18. f4 Bxh6 19. Rxh5 gxh5 20. Qh2 Ng6 21.
Qxh5 Rxh5 0-1

[Event "*** SCC Grand Prix: Titled Tuesday Blitz"]
[Site "Chess.com"]
[Date "2020.06.09"]
[Round "9"]
[White "RaunakSadhwani2005"]
[Black "VitaliyBernadskiy"]
[Result "1-0"]
[WhiteElo "2896"]
[BlackElo "2717"]
[TimeControl "180+1"]
[EndTime "10:42:15 PDT"]
[Termination "RaunakSadhwani2005 won by resignation"]

1. e4 c5 2. Nc3 g6 3. Nf3 Bg7 4. d4 cxd4 5. Nxd4 Nc6 6. Be3 Nf6 7.
Bc4 O-O 8. Bb3 Re8 9. O-O d6 10. h3 Na5 11. f4 Nxb3 12. axb3 e6 13. Ndb5 d5 14. e5 Nd7 15. Nxa7 f6 16. exf6 Qxf6 17. Nab5 Rxa1 18. Qxa1 Rf8 19. Bd4 Qf5 20. Bxg7 Kxg7 21.
Qd1 Nf6 22. g4 1-0

[Event "*** SCC Grand Prix: Titled Tuesday Blitz"]
[Site "Chess.com"]
[Date "2020.06.09"]
[Round "9"]
[White "Lovinski"]
[Black "pastouche06"]
[Result "0-1"]
[WhiteElo "2360"]
[BlackElo "2495"]
[TimeControl "180+1"]
[EndTime "10:42:20 PDT"]
[Termination "pastouche06 won by resignation"]

1. d4 Nf6 2. Nf3 d5 3. g3 e6 4. Bg2 Be7 5. O-O O-O 6. c4 dxc4 7. Qc2 a6 8. Qxc4 b5 9. Qc2 Bb7 10. Bg5 Nbd7 11. Bxf6 Nxf6 12. Nbd2 Rc8 13. Nb3 Be4 14. Qc3 Qd5 15. Nbd2 c5 16. Nxe4 Nxe4 17. Qe3 Nf6 18. Ne5 cxd4 19. Qxd4 Qxd4 0-1

[Event "*** SCC Grand Prix: Titled Tuesday Blitz"]
[Site "Chess.com"]
[Date "2020.06.09"]
[Round "9"]
[White "Chuchofrio1"]
[Black "DanielTitichoca"]
[Result "0-1"]
[WhiteElo "2184"]
[BlackElo "2327"]
[TimeControl "180+1"]
[EndTime "10:42:29 PDT"]
[Termination "DanielTitichoca won by checkmate"]

1. d4 Nf6 2. c4 g6 3. Nc3 Bg7 4. e4 O-O 5. f4 d6 6. Nf3 c5 7.
d5 e6 8. dxe6 fxe6 9. Bd3 Nc6 10.
O-O Nd4 11. Ng5 h6 12. Nh3 Qe7 13. e5 dxe5 14. fxe5 Nd7 15. Bxg6 Nxe5 16. Rxf8+ Qxf8 17. Qh5 Bd7 18. Bf4 Nxg6 19. Qxg6 Bc6 20. Bxh6 Nf5 21. Qxe6+ Kh8 22. Bxg7+ Qxg7 23. Qxf5 Qxg2# 0-1

[Event "*** SCC Grand Prix: Titled Tuesday Blitz"]
[Site "Chess.com"]
[Date "2020.06.09"]
[Round "9"]
[White "Raja3401"]
[Black "Indianlad"]
[Result "0-1"]
[WhiteElo "2813"]
[BlackElo "2985"]
[TimeControl "180+1"]
[EndTime "10:42:31 PDT"]
[Termination "Indianlad won by resignation"]

1. e4 c5 2. Nf3 e6 3. d4 cxd4 4. Nxd4 a6 5. Bd3 Nc6 6. Nxc6 dxc6 7. O-O e5 8. Nd2 Nf6 9. Nc4 Qc7 10. a4 Be6 11. Qe1 Bc5 12. b4 Bd4 13. Ra3 O-O 14. a5 Rad8 15. Be3 Bxe3 16. Qxe3 Rd4 17. f4 Bxc4 18. fxe5 Qxe5 19. Rf5 Qxh2+ 20. Kxh2 Ng4+ 21. Kg3 Nxe3 22. Rf3 Bxd3 0-1

[Event "*** SCC Grand Prix: Titled Tuesday Blitz"]
[Site "Chess.com"]
[Date "2020.06.09"]
[Round "9"]
[White "MoonlighT89"]
[Black "Shota_Azaladze"]
[Result "1-0"]
[WhiteElo "2592"]
[BlackElo "2772"]
[TimeControl "180+1"]
[EndTime "10:42:36 PDT"]
[Termination "MoonlighT89 won by resignation"]

1. e4 g6 2. d4 Bg7 3. Nc3 c6 4.
Nf3 d6 5. h3 Nd7 6. Bd3 e5 7.
dxe5 dxe5 8. Be3 Ngf6 9. Qd2 O-O 10. Bh6 Nh5 11. Bxg7 Kxg7 12. O-O-O Qe7 13. Ne2 Qc5 14.
g4 Nhf6 15. Ng3 b5 16. g5 Ng8 17. h4 h5 18. gxh6+ Nxh6 19. h5 Rh8 20. hxg6 fxg6 21.
Rdg1 Nf6 22. Nh4 Bg4 23. f3 Be6 24. Nxg6 Nf7 25. Nxh8 Rxh8 26. Nf5+ Kf8 27. Rxh8+ Nxh8 28. Qh6+ Ke8 29. Qxh8+ 1-0

[Event "*** SCC Grand Prix: Titled Tuesday Blitz"]
[Site "Chess.com"]
[Date "2020.06.09"]
[Round "9"]
[White "TomsKantans"]
[Black "Unknown_IM"]
[Result "1-0"]
[WhiteElo "2636"]
[BlackElo "2470"]
[TimeControl "180+1"]
[EndTime "10:42:38 PDT"]
[Termination "TomsKantans won by resignation"]

1. e4 e5 2. Nf3 Nc6 3. Bb5 a6 4. Ba4 Nf6 5. O-O Be7 6. Qe2 b5 7. Bb3 d6 8. c3 O-O 9. Rd1 h6 10. d4 exd4 11. cxd4 Bg4 12. h3 Bh5 13. e5 Nd7 14. Bd5 Ndb8 15. Nc3 Ra7 16. Qe4 Qd7 17. g4 Bg6 18. Qxg6 Nb4 19. Bxh6 1-0

[Event "*** SCC Grand Prix: Titled Tuesday Blitz"]
[Site "Chess.com"]
[Date "2020.06.09"]
[Round "9"]
[White "Igor_Lysyj"]
[Black "Evgeny_Ermakov1965"]
[Result "1-0"]
[WhiteElo "2752"]
[BlackElo "2554"]
[TimeControl "180+1"]
[EndTime "10:42:46 PDT"]
[Termination "Igor_Lysyj won by resignation"]

1. d4 d5 2. c4 e6 3. Nf3 Nf6 4. g3 Be7 5. Bg2 O-O 6. O-O dxc4 7.
Ne5 Nbd7 8. Nxc4 c5 9. dxc5 Bxc5 10. Nc3 Nb6 11. Nxb6 Bxb6 12. Bf4 Bd7 13. Bxb7 e5 14.
Bxe5 Bh3 15. Qxd8 Raxd8 16. Bxf6 gxf6 17. Rfd1 Bd4 18. Bg2 Bxg2 19. Kxg2 Bxc3 20. bxc3 Rc8 21. Rac1 Rc5 22. c4 Rfc8 23. Rd4 a5 24. Rc2 Kf8 25.
g4 Ke7 26. h3 f5 27. e3 fxg4 28. hxg4 h5 29. gxh5 Rxh5 30. Kf3 Ke6 31. Rb2 Rhc5 32. Rb6+ Ke7 33. Rb7+ Ke6 34. Re4+ Kd6 35. Rxf7 Rxc4 36. Rxc4 Rxc4 37. Rf4 1-0

[Event "*** SCC Grand Prix: Titled Tuesday Blitz"]
[Site "Chess.com"]
[Date "2020.06.09"]
[Round "9"]
[White "Shivagami"]
[Black "harkerchess"]
[Result "1-0"]
[WhiteElo "2271"]
[BlackElo "2029"]
[TimeControl "180+1"]
[EndTime "10:42:47 PDT"]
[Termination "Shivagami won by checkmate"]

1. d4 d5 2. c4 c6 3. Bf4 Nf6 4.
e3 e6 5. Nc3 Bd6 6. Bg3 O-O 7.
Nf3 b6 8. cxd5 exd5 9. Bd3 Bg4 10. h3 Bh5 11. Be5 Bxe5 12. dxe5 Bxf3 13. gxf3 Nfd7 14.
f4 f6 15. Qh5 g6 16. Bxg6 hxg6 17. Qxg6+ Kh8 18. Qh6+ Kg8 19. e6 Re8 20. Rg1# 1-0

[Event "*** SCC Grand Prix: Titled Tuesday Blitz"]
[Site "Chess.com"]
[Date "2020.06.09"]
[Round "9"]
[White "ecwinslow"]
[Black "KaterinaMiroshnik"]
[Result "0-1"]
[WhiteElo "2262"]
[BlackElo "2433"]
[TimeControl "180+1"]
[EndTime "10:42:59 PDT"]
[Termination "KaterinaMiroshnik won by resignation"]

1. e4 e6 2. d4 d5 3. Nd2 Nf6 4. e5 Nfd7 5. Bd3 c5 6. c3 Nc6 7.
Ne2 cxd4 8. cxd4 f6 9. exf6 Nxf6 10. O-O Bd6 11. Nf3 O-O 12. Bf4 Bxf4 13. Nxf4 Ne4 14. Ne2 Kh8 15. Ne5 Nxe5 16. Bxe4 Ng4 17. Bf3 e5 18. Bxg4 Bxg4 19. dxe5 Qg5 20. f3 Bxf3 21. Ng3 Bxd1 0-1